 Dungeon Crawl Stone Soup version 0.29.1-15-g9cfb28693d (webtiles) character file.

Game seed: 13132355125880801097

159 H0rd4k the Charlatan (level 5, 0/38 HPs)
             Began as a Human Artificer on Apr 19, 2023.
             Slain by a scorpion (1 damage)
             ... on level 4 of the Dungeon.
             The game lasted 00:03:27 (4246 turns).

H0rd4k the Charlatan (Human Artificer)              Turns: 4246, Time: 00:03:28

Health: 0/38       AC:  4    Str: 12    XL:     5   Next: 68%
Magic:  5/5        EV: 12    Int: 14    God:
Gold:   166        SH:  0    Dex: 19    Spells: 4/4 levels left

rFire   . . .      SeeInvis .   m - +1 short sword (vamp)
rCold   . . .      Faith    .   (no shield)
rNeg    . . .      Spirit   .   b - +0 leather armour
rPois   .          Reflect  .   (no helmet)
rElec   .          Harm     .   u - +0 cloak
rCorr   .          Rampage  .   (no gloves)
Will    .....                   (no boots)
Stlth   ++........              (no amulet)
HPRegen 0.12/turn               v - +6 ring of dexterity
MPRegen 0.09/turn               (no ring)

@: lethally poisoned (0 -> -6)
A: no striking features
a: no special abilities


You were on level 4 of the Dungeon.
You visited 1 branch of the dungeon, and saw 4 of its levels.

You collected 166 gold pieces.

Inventory:

Hand Weapons
 m - a +1 vampiric short sword (weapon)
Missiles
 w - 3 silver boomerangs
Armour
 b - a +0 leather armour (worn)
 u - a +0 cloak (worn)
Jewellery
 v - a +6 ring of dexterity (left hand)
Wands
 d - a wand of charming (11)
 e - a wand of iceblast (5)
Scrolls
 f - 5 scrolls of identify {unknown}
 g - a scroll of torment {unknown}
 i - 2 scrolls of enchant weapon {unknown}
 j - 2 scrolls of noise {unknown}
 l - 2 scrolls of butterflies {unknown}
 n - a scroll of immolation {unknown}
 q - a scroll of poison {unknown}
 r - a scroll of magic mapping {unknown}
 x - a scroll of teleportation {unknown}
Potions
 a - 2 potions of cancellation {unknown}
 h - a potion of attraction {unknown}
 k - 2 potions of curing {unknown}
 o - a potion of heal wounds {unknown}
 p - 3 potions of lignification {unknown}
 s - a potion of mutation {unknown}
 t - a potion of flight {unknown}


   Skills:
 + Level 1.8 Fighting
 + Level 1.2 Short Blades
 + Level 1.6 Maces & Flails
 - Level 2.0 Armour
 + Level 2.3 Dodging
 + Level 2.0 Stealth
 + Level 4.1 Evocations


You had 4 spell levels left.
You didn't know any spells.
Your spell library contained the following spells:

 Spells                   Type           Power      Damage    Failure   Level
 Freeze                   Ice            0%         1d3       36%         1
 Frozen Ramparts          Ice            0%         1d1       73%         3
 Summon Guardian Golem    Hex/Summ       0%         N/A       73%         3
 Hailstorm                Conj/Ice       0%         3d3       98%         4
 Orb of Destruction       Conj           0%         9d5       100%        7
 Spellforged Servitor     Conj/Summ      0%         N/A       100%        7


Dungeon Overview and Level Annotations

Branches:
Dungeon (4/15)
 Temple: D:4-7

Altars:
Dithmenos
Uskayaw
The Shining One

Annotations:
D:3 2 transporters, SharpKris's ghost, amateur GnBe


Message History

Aim: a scorpion (lightly wounded, 71% to hit)
The puff of flame hits the scorpion.
The scorpion is moderately wounded.
The scorpion barely misses you.
Aiming: Throw Flame
Press: ? - help, Q - select action, (/) - cycle Shift-Dir - straight line, f/p - scorpion
Aim: a scorpion (moderately wounded, 71% to hit)
The puff of flame hits the scorpion but does no damage.
The scorpion is moderately wounded.
The scorpion closely misses you.
Aiming: Throw Flame
Press: ? - help, Q - select action, (/) - cycle Shift-Dir - straight line, f/p - scorpion
Aim: a scorpion (moderately wounded, 71% to hit)
The puff of flame misses the scorpion.
The scorpion stings you.
You are lethally poisoned!
The scorpion poisons you!
Aiming: Throw Flame
Press: ? - help, Q - select action, (/) - cycle Shift-Dir - straight line, f/p - scorpion
Aim: a scorpion (moderately wounded, 71% to hit)
The puff of flame hits the scorpion.
The scorpion is severely wounded.
* * * LOW HITPOINT WARNING * * *
You feel very sick. The scorpion stings you.
* * * LOW HITPOINT WARNING * * *
Aiming: Throw Flame
Press: ? - help, Q - select action, (/) - cycle Shift-Dir - straight line, f/p - scorpion
Aim: a scorpion (severely wounded, 71% to hit)
The puff of flame misses the scorpion.
* * * LOW HITPOINT WARNING * * *
You feel very sick. The scorpion misses you. The scorpion barely misses you.
Aiming: Throw Flame
Press: ? - help, Q - select action, (/) - cycle Shift-Dir - straight line, f/p - scorpion
Aim: a scorpion (severely wounded, 71% to hit)
The puff of flame misses the scorpion.
The now-empty wand crumbles to dust.
* * * LOW HITPOINT WARNING * * *
You feel sick. The scorpion stings you.
You die...

#.# #.#.##.#.# # #.#
#.#.##.#.# #
#.####.#...†..# #
#....#.####.### ###
####.#.####.# ##.#
#.#......### ##...
#######.####...<.# #....
#......)...#.....####...
#.##.##@##.#.........#.#
#.##s##.#.....###.#.#
#....##.#.....# #.#.#
#.##.##.####### ..... #.
#.##.# #.#.. .. .....#
####. .#. #.#... #. #s#.
....#. # ## #.#...#


You could see a scorpion.

Vanquished Creatures
  A hound (D:4)
  Natasha (twice) (D:3)
  2 gnolls (D:3)
  A dart slug (D:1)
  4 ball pythons
  9 bats
  5 endoplasms (D:1)
  4 giant cockroaches
  8 hobgoblins (D:1)
  A quokka (D:1)
  7 frilled lizards
  7 goblins
  6 kobolds
  2 rats (D:1)
59 creatures vanquished.

Vanquished Creatures (others)
  A gnoll (D:3)
  A giant cockroach (D:1)
2 creatures vanquished.

Grand Total: 61 creatures vanquished

Notes
Turn   | Place    | Note
-------+----------+-------------------------------------------
     0 | D:1      | H0rd4k the Human Artificer began the quest for the Orb.
     0 | D:1      | Reached XP level 1. HP: 15/15 MP: 1/1
   342 | D:1      | Reached XP level 2. HP: 21/21 MP: 2/2
   933 | D:1      | Reached XP level 3. HP: 26/26 MP: 3/3
  1237 | D:1      | Found a faded altar of an unknown god.
  2505 | D:2      | Reached XP level 4. HP: 32/32 MP: 4/4
  2654 | D:2      | Found a hide-covered altar of Uskayaw.
  2907 | D:3      | Reached skill level 1 in Maces & Flails
  2971 | D:3      | Found a shadowy altar of Dithmenos.
  3267 | D:3      | Found a glowing golden altar of the Shining One.
  3324 | D:3      | Found a transporter.
  3324 | D:3      | Noticed SharpKris's ghost (amateur GnBe)
  3328 | D:3      | Noticed a wight
  3401 | D:3      | Found a transporter.
  3435 | D:3      | Noticed Natasha
  3449 | D:3      | HP: 1/32 [Natasha/magic dart (10)]
  3452 | D:3      | Killed Natasha
  3453 | D:3      | Reached skill level 4 in Evocations
  3453 | D:3      | Reached XP level 5. HP: 2/37 MP: 5/5
  3832 | D:3      | Noticed Natasha
  3835 | D:3      | Killed Natasha
  4236 | D:4      | Reached skill level 1 in Short Blades
  4246 | D:4      | HP: 1/38 [poisoned by a scorpion]
  4246 | D:4      | Slain by a scorpion

Illustrated notes

Levels and vault maps discovered:
D:1:      saegor_arrival_simple_a, layout_loops_ring, basic_ecumenical_altar,
          st_stairs_2, minmay_pentomino_w4
D:2:      layout_rooms, basic_altar
D:3:      layout_basic, nicolae_tso_swordbearing_angel,
          nicolae_overflow_crystal_walls, gammafunk_ghost_mausoleum,
          uniq_natasha
D:4:      layout_loops_cross, kennysheep_nub

Skill      XL: |  1  2  3  4  5 |
---------------+----------------+-----
Maces & Flails | 1 |  1.6
Dodging        | 2 |  2.3
Evocations     | 4 |  4.1
Stealth        | 2 |  2.0
Short Blades   | 1 |  1.2
Fighting       | |  1.8
Armour         | |  2.0

Action                   |  1- 3 |  4- 6 || total
-------------------------+-------+-------++-------
Melee: Club              |   151 |       ||   151
       Punch             |     3 |       ||     3
       Short sword       |    34 |    90 ||   124
Evoke: Wand              |     5 |    14 ||    19
 Stab: Sleeping          |     2 |       ||     2
Armor: Leather armour    |    74 |    37 ||   111
Dodge: Dodged            |   159 |    59 ||   218
